[Event "3rd Manaus Open 2024"]
[Site "Manaus"]
[Date "2024.10.14"]
[Round "5.8"]
[White "Delgado Ramirez, Neuris"]
[Black "De Siqueira, Luigy Lira"]
[Result "1-0"]
[ECO "C50"]
[WhiteElo "2496"]
[BlackElo "2155"]
[Annotator "RC"]
[PlyCount "67"]
[EventDate "2024.10.05"]
[EventType "swiss"]
[EventCountry "BRA"]
[SourceTitle "playchess.com"]
[Source "ChessBase"]
[SourceQuality "1"]
[TimeControl "5400+30"]

1. e4 e5 2. Nf3 Nc6 3. Bc4 Bc5 4. d3 Nf6 5. Be3 Bxe3 6. fxe3 d6 7. a4 Be6 8. Bxe6 fxe6 9. Nbd2 d5 10. O-O Qd6 11. a5 a6 12. Ra4 O-O 13. Qb1 b5 14. axb6 cxb6 15. exd5 exd5 16. c3 a5 17. Qa2 Kh8 18. Rh4 Qc5 19. d4 Qe7 20. Rh3 e4 21. Nh4 Kg8 22. Rg3 Qe6 23. Rg5 h6 24. Rgf5 Kh7 25. c4 Ne7 26. cxd5 Nexd5 27. Re5 Qg4 28. Nf5 Qe2 29. Nxe4 Nxe4 30. Qxd5 Nd2 31. Ra1 Rac8 32. Re7 Rc2 33. Rxg7+ Kh8 34. Qd6 1-0

[Event "3rd Manaus Open 2024"]
[Site "Manaus"]
[Date "2024.10.14"]
[Round "5.9"]
[White "Rodriguez Vila, Andres"]
[Black "Souza Neves, Andrey M."]
[Result "1-0"]
[ECO "B13"]
[WhiteElo "2419"]
[BlackElo "2154"]
[Annotator "RC"]
[PlyCount "83"]
[EventDate "2024.10.05"]
[EventType "swiss"]
[EventCountry "BRA"]
[SourceTitle "playchess.com"]
[Source "ChessBase"]
[SourceQuality "1"]
[TimeControl "5400+30"]

1. d4 d5 2. Nc3 Nf6 3. Bf4 c5 4. e3 cxd4 5. exd4 Bg4 6. f3 Bd7 7. Bd3 e6 8. Nge2 Be7 9. Qd2 a6 10. a3 Nc6 11. g4 O-O 12. h4 b5 13. h5 b4 14. axb4 Nxb4 15. g5 Nxd3+ 16. Qxd3 Ne8 17. g6 fxg6 18. hxg6 Bh4+ 19. Kd1 h6 20. Rxa6 Rxa6 21. Qxa6 Bg5 22. Bxg5 Qxg5 23. Rg1 Qe3 24. Qb7 Nd6 25. Qxd7 Nc4 26. Nb1 Nxb2+ 27. Ke1 Nc4 28. Rg3 h5 29. f4 Qe4 30. Nbc3 Qh1+ 31. Rg1 Qh4+ 32. Kd1 Ne3+ 33. Kd2 Nc4+ 34. Kd1 Ne3+ 35. Kc1 Qf6 36. Rg5 h4 37. Re5 Ng2 38. Rxe6 Qf5 39. Qxd5 Qxd5 40. Nxd5 h3 41. Ne7+ Kh8 42. Re5 1-0

[Event "3rd Manaus Open 2024"]
[Site "Manaus"]
[Date "2024.10.14"]
[Round "5.10"]
[White "Sunye Neto, Jaime"]
[Black "Pinto, Jaime de Castilho Fi"]
[Result "1-0"]
[ECO "A42"]
[WhiteElo "2381"]
[BlackElo "2052"]
[Annotator "RC"]
[PlyCount "113"]
[EventDate "2024.10.05"]
[EventType "swiss"]
[EventCountry "BRA"]
[SourceTitle "playchess.com"]
[Source "ChessBase"]
[SourceQuality "1"]
[TimeControl "5400+30"]

1. c4 g6 2. d4 Bg7 3. Nc3 d6 4. e4 c6 5. Be3 Qc7 6. f3 Nd7 7. Qd2 e5 8. Nge2 h5 9. h3 Ngf6 10. g3 h4 11. g4 b6 12. d5 c5 13. Nc1 a6 14. a3 a5 15. Bd3 Ba6 16. Kf2 Nh7 17. N1e2 Qd8 18. Na4 g5 19. Rhb1 O-O 20. b4 Bf6 21. bxa5 bxa5 22. Qe1 Qc7 23. Bd2 Bd8 24. Nc1 Ra7 25. Nc3 a4 26. Nb5 Bxb5 27. Rxb5 Qc8 28. Rab1 Qa6 29. Ne2 Bc7 30. Qd1 Rfa8 31. R1b2 Kg7 32. Qb1 Qc8 33. Nc3 Ba5 34. Nd1 Bc7 35. Ne3 f6 36. Rb7 Nhf8 37. Ke1 Ng6 38. Kd1 Nf4 39. Bf1 Kf8 40. R2b5 Kf7 41. Kc2 Kf8 42. Rxa7 Rxa7 43. Nd1 Ke7 44. Kc1 Qa8 45. Qc2 Kd8 46. Rb1 Kc8 47. Nc3 Ra6 48. Bxf4 exf4 49. e5 dxe5 50. Qg6 Bd8 51. Qe8 Rd6 52. Bd3 Qa6 53. Nb5 Rb6 54. Bf5 Rd6 55. Nxd6+ Qxd6 56. Bxd7+ Qxd7 57. Rb8+ 1-0

[Event "3rd Manaus Open 2024"]
[Site "Manaus"]
[Date "2024.10.15"]
[Round "6.1"]
[White "Leitao, Rafael"]
[Black "Matsuura, Everaldo"]
[Result "1-0"]
[ECO "A11"]
[WhiteElo "2592"]
[BlackElo "2357"]
[Annotator "TA"]
[PlyCount "51"]
[EventDate "2024.10.05"]
[EventType "swiss"]
[EventCountry "BRA"]
[SourceTitle "playchess.com"]
[Source "ChessBase"]
[SourceQuality "1"]
[TimeControl "5400+30"]

1. c4 c6 2. g3 d5 3. Nf3 Nf6 4. Bg2 g6 5. O-O Bg7 6. b3 Ne4 7. d4 O-O 8. Bb2 a5 9. Nc3 Nxc3 10. Bxc3 dxc4 11. bxc4 c5 {[%emt 0:00:20] White is slightly better.} 12. Rc1 cxd4 13. Bxd4 (13. Nxd4 $16 Ra6 14. c5) 13... Nc6 $11 14. Bxg7 Kxg7 15. Qb3 Qc7 16. e3 Kg8 17. Nd4 a4 18. Qa3 Bd7 19. Nb5 Qa5 {[%emt 0:03:13] [#]} 20. Nc3 $1 Rfe8 21. Nd5 Rab8 22. Rb1 Be6 23. Rb5 {[%emt 0:01:33] White is more active.} Qa7 (23... Qd2 $16 24. Rb2 (24. Qxa4 Ra8 $16) 24... Qa5) 24. Rfb1 $18 Bxd5 (24... Bf5 $16 {was worth a try.}) 25. cxd5 Ne5 {[%emt 0:06:01] [#]} (25... Nd8 {is tougher.} 26. Qc3 Ra8) 26. Qc3 {[%emt 0:02:05] Weighted Error Value: White=0.08 (flawless) /Black=0.32.  Mistake:       	White=1     	Black=3      Inaccurate:     	---       	Black=1      OK:         	White=7     	Black=5      Best:        	White=1     	---        Strong:       	White=1     	---} 1-0

[Event "3rd Manaus Open 2024"]
[Site "Manaus"]
[Date "2024.10.15"]
[Round "6.2"]
[White "Perdomo, Leandro"]
[Black "Molina, Roberto Junio Brito"]
[Result "1/2-1/2"]
[ECO "D53"]
[WhiteElo "2356"]
[BlackElo "2381"]
[Annotator "RC"]
[PlyCount "41"]
[EventDate "2024.10.05"]
[EventType "swiss"]
[EventCountry "BRA"]
[SourceTitle "playchess.com"]
[Source "ChessBase"]
[SourceQuality "1"]
[TimeControl "5400+30"]

1. d4 d5 2. c4 e6 3. Nc3 Nf6 4. Bg5 Be7 5. e3 h6 6. Bxf6 Bxf6 7. Nf3 b6 8. Qc2 Bb7 9. cxd5 exd5 10. O-O-O Nd7 11. h4 a6 12. Bd3 Qe7 13. e4 dxe4 14. Bxe4 O-O-O 15. Rhe1 Qd6 16. Ne5 Bxe5 17. dxe5 Qe7 18. Bxb7+ Kxb7 19. Qe4+ Ka7 20. Nd5 Qe6 21. Nb4 1/2-1/2

[Event "3rd Manaus Open 2024"]
[Site "Manaus"]
[Date "2024.10.15"]
[Round "6.3"]
[White "Fier, Alexandr"]
[Black "Sunye Neto, Jaime"]
[Result "1-0"]
[ECO "B42"]
[WhiteElo "2539"]
[BlackElo "2381"]
[Annotator "TA"]
[PlyCount "67"]
[EventDate "2024.10.05"]
[EventType "swiss"]
[EventCountry "BRA"]
[SourceTitle "playchess.com"]
[Source "ChessBase"]
[SourceQuality "1"]
[TimeControl "5400+30"]

1. e4 c5 2. Nf3 e6 3. d4 cxd4 4. Nxd4 a6 5. Bd3 Bc5 6. Nb3 Ba7 7. O-O Nc6 8. Qg4 Qf6 9. Nc3 Nge7 10. Bg5 Qg6 {[%emt 0:00:50] ...h6 ist eine echte Drohung. Weiß steht etwas besser.} 11. Qh4 f6 12. Bd2 h5 13. Be2 Qf7 14. Qh3 ({Vorzuziehen ist} 14. Be3 $11) 14... d5 $1 $15 15. Be1 ({Besser ist} 15. Kh1 $15) 15... b5 (15... Ne5 $17 16. Rd1 g5) 16. Qd3 Bb7 (16... h4 $17 {...Ne5 wäre nun fies.} 17. h3 d4) 17. exd5 $11 exd5 18. Qd1 Rd8 19. a4 b4 {[%emt 0:05:57] [#]} (19... Ne5 $11 {bleibt in der Remisbreite.} 20. Bd3 (20. axb5 d4 $11) 20... Nxd3 21. cxd3 d4) 20. Nb5 $1 $16 {[%emt 0:00:00][%mdl 512] Und Nxa7 würde nun gewinnen.} Bb8 21. N5d4 Bd6 {[%emt 0:01:01] Wehrt Nc5 ab} 22. c3 bxc3 23. Bxc3 g6 24. f4 (24. Na5 $142 Nxa5 25. Bxa5) 24... Nxd4 25. Nxd4 (25. Qxd4 O-O $11) 25... Bc5 26. Kh1 Bc8 {[%emt 0:03:22] Wehrt f5 ab} ({Ein No Go ist} 26... O-O 27. f5 Nxf5 (27... Bxd4 $2 28. fxg6 Qg7 29. Qxd4 $18) 28. Nxf5 gxf5 29. Rxf5 $18 (29. Bxh5 Qg7 $18)) (26... Bxd4 $16 27. Qxd4 O-O) 27. Ba5 $18 Rd6 (27... Bxd4 {ist eine bessere Verteidigung.} 28. Qxd4 (28. Bxd8 Nf5 $18) 28... Rd6) 28. Rc1 Bxd4 29. Qxd4 O-O {[%emt 0:00:12] Schwarz hat schwache schwarze Felder} 30. Bb4 {[%emt 0:00:00] Weiß steht deutlich aktiver.} Rd7 31. Bd3 {[%emt 0:00:00] Das Läuferpaar ist gut.} Bb7 $2 (31... Re8 32. Rfe1 Bb7) 32. f5 g5 33. Rfe1 Rfd8 34. Re6 {[%emt 0:00:00] Gewichteter Fehlerwert: Weiß=0.16 (sehr präzise) /Schwarz=0.31.  Fehler:       	Weiß=3     	Schwarz=6     Ungenau:       	Weiß=2     	Schwarz=1     OK:         	Weiß=9     	Schwarz=11    Bester:       	Weiß=3     	---        Stark:        	---       	Schwarz=1     Brilliant:      	Weiß=1     	---} 1-0

[Event "3rd Manaus Open 2024"]
[Site "Manaus"]
[Date "2024.10.15"]
[Round "6.4"]
[White "Quintiliano, Renato R."]
[Black "Do Valle Cardoso, Lucas"]
[Result "1-0"]
[ECO "D27"]
[WhiteElo "2513"]
[BlackElo "2375"]
[Annotator "RC"]
[PlyCount "135"]
[EventDate "2024.10.05"]
[EventType "swiss"]
[EventCountry "BRA"]
[SourceTitle "playchess.com"]
[Source "ChessBase"]
[SourceQuality "1"]
[TimeControl "5400+30"]

1. d4 d5 2. c4 dxc4 3. Nf3 Nf6 4. e3 e6 5. Bxc4 c5 6. O-O a6 7. Nc3 b5 8. Bb3 Bb7 9. e4 cxd4 10. Nxd4 Nc6 11. Nxc6 Qxd1 12. Rxd1 Bxc6 13. f3 Bc5+ 14. Kf1 Rd8 15. Bf4 Rxd1+ 16. Rxd1 Ke7 17. Ne2 Rc8 18. Bg5 h6 19. Bh4 Bd6 20. Rxd6 Kxd6 21. e5+ Kxe5 22. Bg3+ Kf5 23. Bc2+ Ne4 24. fxe4+ Kf6 25. Be1 e5 26. Bc3 Bd7 27. a3 Be6 28. Ng1 Ke7 29. Nf3 f6 30. Kf2 Kf7 31. Bd3 h5 32. Nd2 g6 33. Nf1 Bc4 34. Bc2 Be6 35. Ne3 Ke7 36. Nd5+ Kf7 37. Bd3 Rd8 38. Bc2 Rc8 39. Bd1 Rc4 40. Bc2 Rc8 41. Ke3 Kg7 42. Bd3 Rd8 43. Ba5 Rd6 44. Bb4 Rd7 45. Nb6 Rc7 46. a4 bxa4 47. Nxa4 Bc4 48. Nc5 Bf7 49. Bxa6 f5 50. g3 Rc6 51. Bb7 Rd6 52. Bc3 Rd1 53. exf5 gxf5 54. Nd3 Kh7 55. Nxe5 Bd5 56. Bxd5 Rxd5 57. Kf4 h4 58. Kxf5 hxg3 59. hxg3 Rd1 60. g4 Rf1+ 61. Ke4 Kh6 62. b4 Kg5 63. Nf3+ Kg6 64. Be1 Rh1 65. b5 Rh8 66. b6 Re8+ 67. Kf4 Re2 68. Bc3 1-0

[Event "3rd Manaus Open 2024"]
[Site "Manaus"]
[Date "2024.10.15"]
[Round "6.5"]
[White "Delgado Ramirez, Neuris"]
[Black "Hoffman, Alejandro"]
[Result "1-0"]
[ECO "C41"]
[WhiteElo "2496"]
[BlackElo "2356"]
[Annotator "TA"]
[PlyCount "77"]
[EventDate "2024.10.05"]
[EventType "swiss"]
[EventCountry "BRA"]
[SourceTitle "playchess.com"]
[Source "ChessBase"]
[SourceQuality "1"]
[TimeControl "5400+30"]

1. e4 d6 2. d4 Nf6 3. Nc3 e5 4. Nf3 Nbd7 5. Rg1 c6 6. g4 g6 7. g5 Nh5 8. Be3 {[%emt 0:00:11] White is slightly better.} b5 9. a3 a6 10. h4 Qc7 11. Qd2 Be7 12. Be2 Rb8 13. Nh2 Nb6 14. b3 $1 {[%emt 0:00:44] Inhibits Nc4.} Ng7 15. d5 c5 16. a4 bxa4 17. Nxa4 f5 {[%emt 0:04:14] Repels Ng4} 18. gxf6 {[%emt 0:01:36] White is more active.} Bxf6 19. Nxb6 Rxb6 20. Nf3 Rb4 21. Bc4 Nh5 22. Ng5 Bxg5 23. Rxg5 O-O 24. c3 (24. Bxa6 Rxe4 25. Bc4 Rxh4 $17) 24... Rb8 {[%emt 0:00:41] [#]} 25. Rxe5 $1 Qf7 {[%emt 0:03:08] [#]} (25... Nf6 $2 26. Bg5 $18) (25... Bg4 26. Rg5) 26. Re6 Qf3 $1 $14 {[%emt 0:04:21] [#] ...Qh1+ would now be deadly.} 27. Qe2 $1 Qh1+ 28. Qf1 Qxh4 29. O-O-O $36 {[%emt 0:04:16][%mdl 2048] White is on the roll.} Bxe6 (29... Qh2 $142) 30. dxe6 $16 {[%emt 0:00:08] Black must now prevent e7+.} Qxe4 (30... Rfe8 $16) 31. e7+ $18 Rf7 32. Rxd6 Qxe7 33. Qd1 {[%emt 0:01:22][%cal Od6d7] And now Rd7! would win.} (33. Bxf7+ Qxf7 34. Qd1 Qf5 $16 (34... Rxb3 $2 35. Bh6 $18)) (33. Rxa6 $6 Kg7 $11) 33... Kh8 34. Bxc5 ({White should try} 34. Bxf7 $18 Qxf7 35. Bxc5 (35. Rxa6 Qxb3 36. Qxb3 Rxb3 $11)) 34... Rf5 35. Bd4+ {[%emt 0:05:36] A strong pair of Bishops.} Ng7 36. Qd2 Re8 (36... Rff8 {might work better.} 37. Kb2 Rbd8 38. Rxa6 (38. Rxg6 Rxd4 39. cxd4 Rxf2 $11) 38... Rxd4 39. Qxd4 Rd8) 37. Kb2 {[%emt 0:01:02][%cal Od6g6] Strongly threatening Rxg6!} a5 $2 {[%emt 0:00:36] [#]} (37... g5 38. b4 (38. Rxa6 Rd8 $18) 38... Rf4 39. Bxa6 (39. Rxa6 Rd8 $16) 39... Qf7) 38. Rxg6 $3 Re5 (38... Ref8 39. Bxg7+) 39. Rxg7 {[%emt 0:00:45] Weighted Error Value: White=0.10 (very precise) /Black=0.20 (precise) .  Mistake:       	White=2     	Black=4      Inaccurate:     	White=1     	Black=5      OK:         	White=14    	Black=12     Best:        	White=2     	Black=4      Strong:       	White=1     	Black=1      Brilliant:      	White=2     	---} 1-0

[Event "3rd Manaus Open 2024"]
[Site "Manaus"]
[Date "2024.10.15"]
[Round "6.6"]
[White "Di Berardino, Diego Rafael"]
[Black "Piccoli, Lucas Fonseca"]
[Result "1/2-1/2"]
[ECO "E47"]
[WhiteElo "2479"]
[BlackElo "2266"]
[Annotator "TA"]
[PlyCount "68"]
[EventDate "2024.10.05"]
[EventType "swiss"]
[EventCountry "BRA"]
[SourceTitle "playchess.com"]
[Source "ChessBase"]
[SourceQuality "1"]
[TimeControl "5400+30"]

1. d4 Nf6 2. c4 e6 3. Nc3 Bb4 4. e3 O-O 5. Bd3 c5 6. Nge2 cxd4 7. exd4 d5 8. cxd5 Qxd5 9. O-O Qd7 10. Ne4 Be7 11. Qc2 {[%emt 0:00:00] Droht stark Nxf6+.} h6 12. Be3 Nc6 13. Qd2 Ng4 14. Rad1 Nxe3 15. Qxe3 b6 16. N4c3 {[%emt 0:00:00][%cal Od4d5] d5! wäre nun fies.} Nb4 17. Bb1 Bb7 {[%emt 0:00:55] Verhindert Qe4} 18. a3 Nd5 19. Qd3 g6 20. Qg3 Bf6 21. h4 Nxc3 22. bxc3 Ba6 {[%emt 0:05:06] Ein starkes Läuferpaar.} 23. Rfe1 Bxe2 24. Rxe2 Qb5 (24... Rac8 $15) 25. Rde1 {[%emt 0:00:42][%cal Oe2e6] [#] Und Rxe6! würde nun gewinnen.} Bg7 26. Re3 Rac8 27. Qf3 Qa5 28. Be4 h5 29. d5 exd5 (29... Qxa3 30. dxe6 fxe6 31. Qg3 Rxc3 32. Qxg6 (32. Bxg6 Rxe3 33. Rxe3 Qa2 $11) 32... Rxe3 33. Qh7+ (33. Rxe3 Qa1+ 34. Bb1 Qb2 $14) (33. fxe3 Qc3 $11) (33. Qxe6+ Kh8 $11) 33... Kf7 34. Rxe3 (34. Qxh5+ Ke7 $15) 34... Qa1+ 35. Kh2 $18) (29... Bxc3 30. Rd1 exd5 (30... Qxa3 $2 31. dxe6 fxe6 32. Qg3 $18) 31. Bxd5 $11) ({Günstiger ist} 29... f5 $17 30. Bc2 Qxd5 (30... exd5 31. Bb3 $11) 31. Qxd5 exd5) 30. Bxd5 $11 {[%emt 0:00:12] Die Stellung ist ausgeglichen.} Rxc3 31. Rxc3 Qxc3 ({Ein No Go ist} 31... Bxc3 $6 32. Re8 $16) 32. Bxf7+ Kh7 33. Qxc3 Bxc3 34. Re7 a5 {[%emt 0:01:00] Gewichteter Fehlerwert: Weiß=0.09 (makellos) /Schwarz=0.11 (sehr präzise) .  Fehler:       	---       	Schwarz=2     Ungenau:       	Weiß=2     	Schwarz=1     OK:         	Weiß=11    	Schwarz=11} 1/2-1/2

[Event "3rd Manaus Open 2024"]
[Site "Manaus"]
[Date "2024.10.15"]
[Round "6.7"]
[White "Filgueiras, Nathan Felipe"]
[Black "Santiago, Yago De Moura"]
[Result "1/2-1/2"]
[ECO "C07"]
[WhiteElo "2343"]
[BlackElo "2460"]
[Annotator "TA"]
[PlyCount "38"]
[EventDate "2024.10.05"]
[EventType "swiss"]
[EventCountry "BRA"]
[SourceTitle "playchess.com"]
[Source "ChessBase"]
[SourceQuality "1"]
[TimeControl "5400+30"]

1. e4 e6 2. d4 d5 3. Nd2 c5 4. exd5 Qxd5 5. Ngf3 cxd4 6. Bc4 Qd7 {[%emt 0:03:06] C07: Frans Tarrasch: 3...c5, 4 Pgf3 en 4 exd5 Dxd5.} 7. O-O a6 {[%emt 0:00:39] [#] Fout (0.5)} (7... Nc6 $11) {Wit zou moeten proberen} 8. Nb3 {[%emt 0:00:58] Fout (0.6)} (8. Ne5 $1 $16 Qc7 9. Re1) 8... Nc6 {[%emt 0:00:27] Onnauwkeurig. De stelling is in evenwicht.} 9. Nbxd4 {[%emt 0:00:06] Onnauwkeurig} Nxd4 10. Nxd4 Qc7 11. Bd3 {[%emt 0:01:35] OK maakt 11.Bb3 minder populair.} Bd6 {[%emt 0:01:00][%cal Rd6h2] OK} 12. Re1 {[%emt 1:25:57] OK} {Zwart zou moeten spelen} Bxh2+ {[%emt 0:17:51] Fout (0.5)} (12... Nf6 $11) 13. Kh1 $14 {[%emt 0:00:00] met als doel voor g3. Beste (Gemakkelijk)} Be5 {[%emt 0:00:11] [#] OK} 14. Nxe6 {[%emt 0:00:00] Briljant} Bxe6 15. Qh5 {[%emt 0:00:00][%csl LRe5,LRh7] Beste (Gemakkelijk)} Bd6 $146 {[%emt 0:19:54] Fout (1.4)} ({Predecessor:} 15... Nf6 16. Qxe5 Qxe5 17. Rxe5 O-O 18. Re1 Rac8 19. Bd2 Rfd8 20. Bg5 Rd5 21. Bxf6 gxf6 {½-½ Piorun,K (2623)-Shevchenko,K (2645) POL-chT Ekstraliga 2022 (7.3)}) 16. Rxe6+ $18 {[%emt 0:00:00] Beste (Gemakkelijk)} Kf8 {[%emt 0:00:05] [#] pakt misschien beter uit. Fout (0.7)} (16... Ne7) {Wit moet spelen} 17. Re1 {[%emt 0:00:00] Fout (1.1)} (17. Qf3 $1 $18) 17... Nf6 $16 {[%emt 0:00:10] OK} {Beter is} 18. Qf5 {[%emt 0:00:00] Wit is actiever. Fout (1.1)} (18. Qh4 $16) 18... h5 $1 $11 {[%emt 0:00:19] Sterk} 19. f3 $2 {[%emt 0:00:00] houdt voordeel. Voorkomt Ng4. Fout (2.1)} (19. Re2 $14) 19... h4 {[%emt 0:02:58] Blunder waarde: Wit=0.57/Zwart=0.32. OK.  Fout:        	Wit=4      	Zwart=4      Onnauwkeurig:    	Wit=1      	Zwart=1      OK:         	Wit=2      	Zwart=4      Beste:        	Wit=3      	---        Sterk:        	---       	Zwart=1      Briljant:      	Wit=1      	---} 1/2-1/2

[Event "3rd Manaus Open 2024"]
[Site "Manaus"]
[Date "2024.10.15"]
[Round "6.8"]
[White "Rodriguez Vila, Andres"]
[Black "Ribeiro, Matheus Mendes Domin"]
[Result "1-0"]
[ECO "B70"]
[WhiteElo "2419"]
[BlackElo "2250"]
[Annotator "RC"]
[PlyCount "121"]
[EventDate "2024.10.05"]
[EventType "swiss"]
[EventCountry "BRA"]
[SourceTitle "playchess.com"]
[Source "ChessBase"]
[SourceQuality "1"]
[TimeControl "5400+30"]

1. e4 c5 2. Nf3 d6 3. d4 cxd4 4. Nxd4 Nf6 5. Nc3 Nc6 6. g3 g6 7. Nde2 Bg7 8. Bg2 O-O 9. O-O Bd7 10. h3 Rc8 11. Nd5 Nxd5 12. exd5 Ne5 13. a4 Qc7 14. c3 Qc4 15. b3 Qa6 16. Be3 Bf5 17. c4 Qa5 18. Nd4 a6 19. Re1 Qc3 20. Rc1 Qd3 21. g4 Be4 22. f3 Bxd5 23. cxd5 Rxc1 24. Qxc1 Nxg4 25. fxg4 Bxd4 26. Bxd4 Qxd4+ 27. Qe3 Qb4 28. Qxe7 Rc8 29. Rf1 Rf8 30. a5 b6 31. axb6 Qxb6+ 32. Kh2 a5 33. Rf3 Qc5 34. Rf6 Qb4 35. Qxd6 Qxb3 36. Rf3 Qb2 37. Qf4 a4 38. Qxa4 Qe5+ 39. Rg3 Rc8 40. Qe4 Qd6 41. h4 Rc3 42. Qe8+ Kg7 43. Qe1 Rc2 44. Qd1 Qc5 45. d6 Rc1 46. Qd2 Qg1+ 47. Kh3 Rd1 48. Qc3+ Qd4 49. Qb3 Qxd6 50. Rf3 f6 51. Qb7+ Qd7 52. Rb3 Qxb7 53. Rxb7+ Kh6 54. Kg3 Rd3+ 55. Bf3 Rd6 56. Be4 Rd8 57. Rf7 Re8 58. Kf4 g5+ 59. Kf3 Rh8 60. h5 f5 61. Bxf5 1-0

[Event "3rd Manaus Open 2024"]
[Site "Manaus"]
[Date "2024.10.15"]
[Round "6.9"]
[White "Cubas, Jose Fernando"]
[Black "Gauche, Charles"]
[Result "1-0"]
[ECO "C77"]
[WhiteElo "2412"]
[BlackElo "2168"]
[Annotator "RC"]
[PlyCount "49"]
[EventDate "2024.10.05"]
[EventType "swiss"]
[EventCountry "BRA"]
[SourceTitle "playchess.com"]
[Source "ChessBase"]
[SourceQuality "1"]
[TimeControl "5400+30"]

1. e4 e5 2. Nf3 Nc6 3. Bb5 a6 4. Ba4 Nf6 5. d4 Nxe4 6. Qe2 Nd6 7. dxe5 Nb5 8. c3 Be7 9. O-O d6 10. c4 Nba7 11. Rd1 O-O 12. Nc3 Re8 13. Bc2 Be6 14. Bf4 Qc8 15. exd6 cxd6 16. Bxd6 Nb4 17. Bb3 Bxd6 18. Rxd6 Bg4 19. Qd1 Qf5 20. a3 Nbc6 21. Bc2 Qh5 22. Be4 Ne5 23. Qd5 Nc8 24. Rd8 Nb6 25. Rd6 1-0

[Event "3rd Manaus Open 2024"]
[Site "Manaus"]
[Date "2024.10.15"]
[Round "6.10"]
[White "Flom, Gabriel"]
[Black "Acosta, Pablo Alejandro"]
[Result "1-0"]
[ECO "C69"]
[WhiteElo "2460"]
[BlackElo "2032"]
[Annotator "TA"]
[PlyCount "75"]
[EventDate "2024.10.05"]
[EventType "swiss"]
[EventCountry "BRA"]
[SourceTitle "playchess.com"]
[Source "ChessBase"]
[SourceQuality "1"]
[TimeControl "5400+30"]

1. e4 e5 2. Nf3 Nc6 3. Bb5 a6 4. Bxc6 dxc6 5. O-O Bg4 6. d3 f6 7. Be3 {[%emt 0:00:00] C69: Ruy Lopez: Ruilvariant met 5 0-0 f6.} Qd7 {[%emt 0:00:55] Fout (0.5)} (7... h5 $11) 8. h3 $14 {[%emt 0:00:00] OK} Be6 {Wit zou moeten spelen} 9. Nc3 {[%emt 0:00:00] Fout (0.7)} (9. d4 $14) 9... c5 $15 {[%emt 0:02:40] OK} 10. a4 $146 {[%emt 0:00:00] Onnauwkeurig} ({Predecessor:} 10. Nd2 g5 11. Nc4 h5 12. a4 g4 13. h4 Nh6 14. b3 Nf7 15. Qc1 Be7 16. Qa3 {1-0 Glowinski,D (1366)-Wilshusen,H (1272) SE-2018-0-00270 2017}) {Beter is} 10... h5 {[%emt 0:05:11] Fout (0.5)} (10... Qc6 $15) 11. a5 $11 {[%emt 0:00:00] OK} {Zwart zou moeten proberen} g5 {[%emt 0:01:24] Fout (0.5)} (11... O-O-O) 12. Nd2 {[%emt 0:00:00] OK} b5 $2 {[%emt 0:09:46] en Zwart blijft veilig. Afleidend Na4. Dit kost Zwart de partij. Verliest partij (2.4)} (12... Qc6 $11) 13. axb6 $18 {[%emt 0:00:00] Beste (Gemakkelijk)} cxb6 14. b4 g4 {[%emt 0:07:11] OK} 15. h4 {[%emt 0:00:00] OK} Bh6 16. bxc5 {[%emt 0:00:00] OK} Bxe3 17. fxe3 bxc5 {[%emt 0:00:00] [#] OK} 18. Nd5 $1 {[%emt 0:00:00][%mdl 512] OK} Bxd5 {[%emt 0:00:00] OK} 19. exd5 Qxd5 20. Ne4 {[%emt 0:00:00][%cal Rf1f6] Zwart moet nu Rxf6 voorkomen. OK} Qc6 {[%emt 0:00:00] Fout (2.8)} (20... Kf8 $142 21. Ra5 (21. Nxf6 Nxf6 22. Rxf6+ Kg7 $18) 21... Kg7 22. Rxc5 (22. Nxc5 Qc6 $18) 22... Qb7) 21. Ra5 {[%emt 0:00:00] Beste} Qb6 22. Qa1 Rh7 23. Rxc5 Re7 24. Qa4+ Kf8 25. Kh2 g3+ {[%emt 0:05:00] OK} 26. Kxg3 Qe6 {[%emt 0:00:30] Fout (3.4)} (26... Kg7 27. Rf3 Raa7) 27. Qc6 {[%emt 0:00:00] Fout (3.6)} (27. Nxf6 $142 Rg7+ (27... Nxf6 $2 {slaat de verkeerde figuur.} 28. Rc6 $18) 28. Kh2 (28. Ng4+ Nf6 $18) 28... Qxf6 (28... Nxf6 $2 {verliest.} 29. Rc6 $18) 29. Kg1 (29. Rxf6+ Nxf6 30. Qc6 Ng4+ 31. Kg1 Re8 $18) (29. Qa1 Rf7 $18) 29... Qxf1+ 30. Kxf1) 27... Qg4+ $2 {[%emt 0:00:00] betere vooruitzichten. Fout (3.3)} (27... Qxc6 28. Rxc6 a5 29. Nxf6 Kg7 30. Nxh5+ Kh8) 28. Kh2 {[%emt 0:01:30][%cal Bg3h2,Bh2g1,Bg1h1][%mdl 32] EV=15.05. Goes to h1 (dbg))} Qxh4+ {[%emt 0:00:00] OK} 29. Kg1 Raa7 30. Rc4 (30. Nxf6 $142 Nxf6 31. Rxf6+ Kg7 32. Rg6+ Kf7 33. g3) 30... Kg7 31. Nd6 Qg5 {[%emt 0:00:00] Zwart is zwak op de lichte velden. OK} 32. Nf5+ {[%emt 0:00:00] OK} Kh8 {[%emt 0:00:00] OK} 33. Nxe7 {[%emt 0:00:00] OK} Qxe3+ {[%emt 0:00:00] Onnauwkeurig} 34. Kh1 {[%emt 0:00:00] [#] En nu zou Nxg8 winnen.} Rxe7 {[%emt 0:00:00] OK} 35. Qxa6 {[%emt 0:00:00] Onnauwkeurig} f5 $2 {[%emt 0:00:00] Fout (5.9)} (35... e4 36. Rxe4 Rxe4 37. dxe4 Qxe4) 36. Rxf5 {[%emt 0:00:00] Beste} Ra7 {[%emt 0:00:00] Onnauwkeurig} 37. Rxh5+ Kg7 38. Rg4+ {[%emt 0:00:00] Blunder waarde: Wit=0.67/Zwart=1.18.  Verliest partij:   	---       	Zwart=1      Fout:        	Wit=2      	Zwart=7      Onnauwkeurig:    	Wit=2      	Zwart=2      OK:         	Wit=9      	Zwart=9      Beste:        	Wit=3      	---} 1-0